Wolves vs Thunderbirds
Created - May 4, 2022 at 19:37
Goals
|
| Wolves |
0 |
2 |
2 |
4 |
| Thunderbirds |
2 |
0 |
0 |
2 |
|
Shots
|
| Wolves |
10 |
10 |
20 |
40 |
| Thunderbirds |
11 |
13 |
4 |
28 |
|
1st period
1. Thunderbirds , Mitchell Heard 15 (Hudson Fasching 13) at 1:06
2. Thunderbirds , Quinton Howden 40 (Niklas Hansson 35) at 6:07
Penalties :
Alexandre Grenier (Chi) for Hooking (Minor) at 1:56, Joe Morrow (Chi) for Tripping (Minor) at 6:33, Jeff Petry (Chi) for High sticking (Minor) at 14:39, Antti Suomela (Chi) for High sticking (Minor) at 18:14
2nd period
3. Wolves , Lawson Crouse 26 (Kyle Rau 57, Alexandre Grenier 49) at 14:43
4. Wolves , Jake Evans 7 (Thomas Spelling 29, Joe Morrow 47) at 15:44
Penalties :
Eric Robinson (Chi) for Hooking (Minor) at 6:51, Griffin Reinhart (Spr) for Hooking (Minor) at 10:50
3rd period
5. Wolves , Kyle Rau 33 (Alexandre Grenier 50) at 9:55
6. Wolves , Alexandre Grenier 43 (Kyle Rau 58, Joe Morrow 48) at 19:25
Penalties :
Jerry D'Amigo (Spr) for Cross-checking (Minor) at 17:10
Goalie Stats
Ebbe Siönäs (Chi), 26 saves from 28 shots - (0.929), W, 9-6-2, 60:00 minutes
Carter Hutton (Spr), 36 saves from 40 shots - (0.900), L, 24-11-4, 60:00 minutes
Players Stats for Wolves
Player Name G A P +/- PIM S H SB GA TA FO MP PP MP PK MP
------------------------------------------------------------------------------------
Alexandre Grenier 1 2 3 3 2 3 1 2 1 0 3/6 21:51 2:04 4:15
Anton Lindholm 0 0 0 -1 0 1 3 0 0 1 0/0 19:01 2:01 4:08
Antti Suomela 0 0 0 0 2 2 3 1 0 0 1/4 7:19 0:00 0:32
Dylan Coghlan 0 0 0 0 0 0 0 0 0 0 0/0 4:22 0:00 0:00
Eric Robinson 0 0 0 -2 2 2 2 0 0 1 0/3 17:13 1:54 0:46
Fredrik Olofsson 0 0 0 1 0 1 0 0 0 0 1/1 10:18 0:00 0:23
Jake Evans 1 0 1 1 0 7 0 1 0 1 1/7 9:47 0:00 0:00
Jalen Chatfield 0 0 0 1 0 1 0 1 0 0 0/0 10:02 0:00 0:00
Jeff Petry 0 0 0 -1 2 1 0 1 0 1 0/0 18:08 2:01 3:11
Jeffrey Foss 0 0 0 2 0 3 1 1 0 0 0/0 26:35 1:57 5:47
Joe Morrow 0 2 2 2 2 2 1 2 1 1 0/0 25:51 1:57 4:38
Kale Clague 0 0 0 0 0 0 0 0 0 0 0/0 4:22 0:00 0:00
Kevin Stenlund 0 0 0 0 0 0 2 0 0 0 0/1 2:52 0:00 1:49
Kieffer Bellows 0 0 0 0 0 1 0 0 0 0 0/0 6:37 0:00 0:00
Kyle Rau 1 2 3 3 0 3 2 0 0 0 12/24 22:40 2:04 5:27
Lawson Crouse 1 0 1 3 0 3 2 0 0 0 1/3 20:18 2:02 3:19
Liam O'Brien 0 0 0 0 0 0 0 0 0 0 0/0 0:00 0:00 0:00
Matthew Highmore 0 0 0 0 0 0 0 0 0 0 0/0 0:03 0:02 0:00
Samuel Girard 0 0 0 1 0 0 0 1 0 0 0/0 12:08 0:00 2:06
Sebastian Aho 0 0 0 -2 0 2 2 2 2 0 9/16 18:44 1:54 3:19
Thomas Spelling 0 1 1 1 0 4 0 0 0 1 0/0 9:47 0:00 0:00
Victor Olofsson 0 0 0 -2 0 3 0 0 1 0 0/0 15:25 1:54 0:00
Wade Allison 0 0 0 0 0 1 0 0 0 0 0/0 6:37 0:00 0:00
Zachary Senyshyn 0 0 0 0 0 0 0 0 0 0 0/0 0:00 0:00 0:00
Players Stats for Thunderbirds
Player Name G A P +/- PIM S H SB GA TA FO MP PP MP PK MP
------------------------------------------------------------------------------------
Clayton Keller 0 0 0 -1 0 1 0 0 0 0 0/0 8:03 0:03 0:00
Elias Lindholm 0 0 0 0 0 3 0 0 0 0 8/13 17:42 4:35 0:31
Griffin Reinhart 0 0 0 0 2 3 2 2 0 0 0/0 26:08 5:30 0:57
Hudson Fasching 0 1 1 0 0 2 0 0 1 0 1/1 11:38 0:12 1:01
Jake Walman 0 0 0 0 0 1 0 1 0 0 0/0 13:38 0:00 1:07
Jerry D'Amigo 0 0 0 -1 2 3 0 0 0 0 1/2 20:23 5:17 0:00
John Draeger 0 0 0 -2 0 1 1 2 1 2 0/0 20:35 4:25 1:54
Kirill Kaprizov 0 0 0 -2 0 2 1 2 1 0 0/0 21:04 5:12 0:31
Matt Puempel 0 0 0 1 0 1 1 1 0 0 0/0 9:47 0:00 0:00
Michal Jordan 0 0 0 -1 0 0 1 0 1 1 0/0 20:57 4:25 2:04
Mitchell Heard 1 0 1 1 0 2 2 1 0 0 4/7 11:11 0:00 1:01
Niklas Hansson 0 1 1 0 0 2 3 2 0 0 0/0 26:56 5:30 1:54
Quinton Howden 1 0 1 -1 0 2 2 0 0 1 19/36 22:48 5:16 2:26
Roberts Lipsbergs 0 0 0 -1 0 1 1 0 0 0 0/0 8:00 0:00 0:00
Tanner Laczynski 0 0 0 -1 0 2 0 0 0 0 4/6 8:00 0:00 0:00
Tom Kuhnhackl 0 0 0 0 0 0 3 2 0 1 0/0 19:37 4:35 2:26
Valentin Zykov 0 0 0 -1 0 2 1 2 2 0 0/0 17:26 4:35 0:00
Viktor Baldayev 0 0 0 -1 0 0 1 3 0 0 0/0 12:07 0:00 0:00
3 Stars
1 - Kyle Rau (Chi)
2 - Alexandre Grenier (Chi)
3 - Lawson Crouse (Chi)
Power Play
Wolves - 0 on 2 Attempt(s) - 0.00%
Thunderbirds - 0 on 5 Attempt(s) - 0.00%
Penalty Kill
Wolves - 5 on 5 Attempt(s) - 100.00%
- Score 0 goal in Penalty Kill
Thunderbirds - 2 on 2 Attempt(s) - 100.00%
- Score 0 goal in Penalty Kill
Team Stat
Wolves - Hits : 19 - Faceoff Wins : 28 - Blocked Shots : 12 - Penalty Minutes : 10
Thunderbirds - Hits : 19 - Faceoff Wins : 37 - Blocked Shots : 18 - Penalty Minutes : 4
Official
Referees : Dan O'Rourke and Furman South
Linesman : Michel Cormier and Kyle Flemington
Game Notes
3:16 of 2nd period - Thunderbirds goal is going for a video replay. After video review, No Goal. The net was displaced accidentally.
Finance
Level 1 -- Attendance: 1837 (91.85%) -- Ticket Income $64,295
Level 2 -- Attendance: 967 (96.70%) -- Ticket Income $14,505
Total Attendance: 2804 (93.47%)
Total Ticket Income: $78,800
Other Income: $3,940
Total Income: $82,740
Wolves
5 vs 5 Forward
Center Left Wing Right Wing Time % Phy DF OF
1 Kyle Rau Lawson Crouse Alexandre Grenier 40 1 2 2
2 Sebastian Aho Eric Robinson Victor Olofsson 30 1 2 2
3 Jake Evans Fredrik Olofsson Thomas Spelling 20 1 2 2
4 Antti Suomela Kieffer Bellows Wade Allison 10 1 2 2
5 vs 5 Defense
Defense Defense Time % Phy DF OF
1 Jeffrey Foss Joe Morrow 40 1 2 2
2 Anton Lindholm Jeff Petry 30 1 2 2
3 Jalen Chatfield Samuel Girard 20 1 2 2
4 Kale Clague Dylan Coghlan 10 1 2 2
PowerPlay Forward
Center Left Wing Right Wing Time % Phy DF OF
1 Kyle Rau Lawson Crouse Alexandre Grenier 60 1 2 2
2 Sebastian Aho Eric Robinson Victor Olofsson 40 1 2 2
PowerPlay Defense
Defense Defense Time % Phy DF OF
1 Jeffrey Foss Joe Morrow 60 1 2 2
2 Anton Lindholm Jeff Petry 40 1 2 2
Penalty Kill 4 Players Forward
Center Wing Time % Phy DF OF
1 Alexandre Grenier Kyle Rau 60 1 2 2
2 Sebastian Aho Lawson Crouse 40 1 2 2
Penalty Kill 4 Players Defense
Defense Defense Time % Phy DF OF
1 Jeffrey Foss Joe Morrow 60 1 2 2
2 Anton Lindholm Jeff Petry 40 1 2 2
Penalty Kill - 3 Players Forward
Forward Time % Phy DF OF
1 Alexandre Grenier 60 1 2 2
2 Kyle Rau 40 1 2 2
Penalty Kill - 3 Players Defense
Defense Defense Time % Phy DF OF
1 Jeffrey Foss Joe Morrow 60 1 2 2
2 Anton Lindholm Jeff Petry 40 1 2 2
4 vs 4 Forward
Center Wing Time % Phy DF OF
1 Alexandre Grenier Kyle Rau 60 1 2 2
2 Sebastian Aho Lawson Crouse 40 1 2 2
4 vs 4 Defense
Defense Defense Time % Phy DF OF
1 Jeffrey Foss Joe Morrow 60 1 2 2
2 Anton Lindholm Jeff Petry 40 1 2 2
Last Minutes Offensive
Center Left Wing Right Wing Defense Defense
Kyle Rau Lawson Crouse Alexandre Grenier Jeffrey Foss Joe Morrow
Last Minutes Defensive
Center Left Wing Right Wing Defense Defense
Kyle Rau Lawson Crouse Alexandre Grenier Jeffrey Foss Joe Morrow
Goaltenders
Starting : Ebbe Siönäs
Backup : Laurent Brossoit
Extra Forwards
Normal : Matthew Highmore, Liam O'Brien, Kevin Stenlund - PP : Matthew Highmore, Liam O'Brien - PK : Kevin Stenlund
Extra Defensemen
Normal : Jalen Chatfield, Samuel Girard, Kale Clague - PP : Jalen Chatfield - PK : Samuel Girard, Kale Clague
Penalty Shots
Alexandre Grenier, Kyle Rau, Sebastian Aho, Lawson Crouse, Victor Olofsson
Scratches
Jakub Zboril (Healthy), Joona Koppanen (Healthy), Sergei Kostenko (Healthy)
Thunderbirds
5 vs 5 Forward
Center Left Wing Right Wing Time % Phy DF OF
1 Quinton Howden Kirill Kaprizov Jerry D'Amigo 40 0 2 3
2 Elias Lindholm Valentin Zykov Tom Kuhnhackl 30 0 2 3
3 Mitchell Heard Matt Puempel Hudson Fasching 20 1 2 2
4 Tanner Laczynski Roberts Lipsbergs Clayton Keller 10 0 2 3
5 vs 5 Defense
Defense Defense Time % Phy DF OF
1 Griffin Reinhart Niklas Hansson 40 0 2 3
2 Michal Jordan John Draeger 30 0 2 3
3 Viktor Baldayev Jake Walman 20 1 2 2
4 Griffin Reinhart Niklas Hansson 10 0 2 3
PowerPlay Forward
Center Left Wing Right Wing Time % Phy DF OF
1 Quinton Howden Kirill Kaprizov Jerry D'Amigo 60 0 1 4
2 Elias Lindholm Valentin Zykov Tom Kuhnhackl 40 0 1 4
PowerPlay Defense
Defense Defense Time % Phy DF OF
1 Griffin Reinhart Niklas Hansson 60 0 2 3
2 Michal Jordan John Draeger 40 0 2 3
Penalty Kill 4 Players Forward
Center Wing Time % Phy DF OF
1 Quinton Howden Tom Kuhnhackl 60 1 3 1
2 Mitchell Heard Hudson Fasching 40 1 3 1
Penalty Kill 4 Players Defense
Defense Defense Time % Phy DF OF
1 Niklas Hansson John Draeger 60 1 4 0
2 Griffin Reinhart Michal Jordan 40 1 4 0
Penalty Kill - 3 Players Forward
Forward Time % Phy DF OF
1 Quinton Howden 60 1 3 1
2 Mitchell Heard 40 1 3 1
Penalty Kill - 3 Players Defense
Defense Defense Time % Phy DF OF
1 Niklas Hansson John Draeger 60 1 4 0
2 Griffin Reinhart Michal Jordan 40 1 4 0
4 vs 4 Forward
Center Wing Time % Phy DF OF
1 Quinton Howden Kirill Kaprizov 60 0 2 3
2 Elias Lindholm Valentin Zykov 40 0 2 3
4 vs 4 Defense
Defense Defense Time % Phy DF OF
1 Griffin Reinhart Niklas Hansson 60 0 2 3
2 Michal Jordan John Draeger 40 0 2 3
Last Minutes Offensive
Center Left Wing Right Wing Defense Defense
Quinton Howden Kirill Kaprizov Tom Kuhnhackl Griffin Reinhart Niklas Hansson
Last Minutes Defensive
Center Left Wing Right Wing Defense Defense
Quinton Howden Kirill Kaprizov Tom Kuhnhackl Niklas Hansson John Draeger
Goaltenders
Starting : Carter Hutton
Backup : Igor Bobkov
Extra Forwards
Normal : Valentin Zykov, Kirill Kaprizov, Quinton Howden - PP : Hudson Fasching, Clayton Keller - PK : Elias Lindholm
Extra Defensemen
Normal : John Draeger, Niklas Hansson, Griffin Reinhart - PP : Viktor Baldayev - PK : Griffin Reinhart, Niklas Hansson
Penalty Shots
Tanner Laczynski, Tom Kuhnhackl, Quinton Howden, Elias Lindholm, Valentin Zykov
Scratches
Austin Poganski (Healthy), Connor Honey (Healthy), Dmytro Timashov (Healthy), Keaton Thompson (Healthy), Kyle Platzer (Healthy)
Lukas Vejdemo (Healthy), Michael McCarron (Healthy), Nelson Nogier (Healthy), Nicklas Jensen (Healthy), Calvin Thurkauf (Healthy)
Artur Kayumov (Healthy), Niklas Treutle (Healthy), Artyom Zagidulin (Healthy)
% Time on Ice - Wolves
Lines # - Real PCT - Wanted PCT - Time Play
Normal Forward
1 - 35% - 40% - 16:00
2 - 29% - 30% - 13:31
3 - 21% - 20% - 9:47
4 - 14% - 10% - 6:37
Normal Defense
1 - 41% - 40% - 18:39
2 - 28% - 30% - 12:52
3 - 22% - 20% - 10:02
4 - 10% - 10% - 4:22
PP Forward
1 - 52% - 60% - 2:04
2 - 48% - 40% - 1:54
PP Defense
1 - 49% - 60% - 1:57
2 - 51% - 40% - 2:01
PK Forward
1 - 67% - 60% - 6:36
2 - 33% - 40% - 3:19
PK Defense
1 - 58% - 60% - 5:47
2 - 42% - 40% - 4:08
PK3 Forward
1 - 0% - 60%
2 - 0% - 40%
PK3 Defense
1 - 0% - 60%
2 - 0% - 40%
44 Forward
1 - 0% - 60%
2 - 0% - 40%
44 Defense
1 - 0% - 60%
2 - 0% - 40%
Last Minute Offensive - 0:00
Last Minute Defensive - 0:12
Total
Forward - 60:00
Defense - 60:00
|
% Time on Ice - Thunderbirds
Lines # - Real PCT - Wanted PCT - Time Play
Normal Forward
1 - 33% - 40% - 15:06
2 - 28% - 30% - 12:59
3 - 21% - 20% - 9:47
4 - 17% - 10% - 8:00
Normal Defense
1 - 40% - 40% - 18:19
2 - 32% - 30% - 14:39
3 - 26% - 20% - 12:07
4 - 2% - 10% - 0:47
PP Forward
1 - 54% - 60% - 5:20
2 - 46% - 40% - 4:35
PP Defense
1 - 55% - 60% - 5:30
2 - 45% - 40% - 4:25
PK Forward
1 - 74% - 60% - 2:57
2 - 26% - 40% - 1:01
PK Defense
1 - 48% - 60% - 1:54
2 - 52% - 40% - 2:04
PK3 Forward
1 - 0% - 60%
2 - 0% - 40%
PK3 Defense
1 - 0% - 60%
2 - 0% - 40%
44 Forward
1 - 0% - 60%
2 - 0% - 40%
44 Defense
1 - 0% - 60%
2 - 0% - 40%
Last Minute Offensive - 0:15
Last Minute Defensive - 0:00
Total
Forward - 60:00
Defense - 60:00
|
Play-by-Play
1st period
0:01 of 1st period - Kyle Rau wins face-off versus Quinton Howden in neutral zone.
0:31 of 1st period - Off-side.
0:32 of 1st period - Elias Lindholm wins face-off versus Jake Evans in neutral zone.
0:57 of 1st period - Sebastian Aho is hit by Mitchell Heard and loses puck.
1:04 of 1st period - Slapshot by Mitchell Heard.
1:04 of 1st period - Shot Misses the Net.
1:06 of 1st period - Snap shot by Mitchell Heard.
1:06 of 1st period - Goal by Mitchell Heard - Wolves : 0 - Thunderbirds : 1.
1:07 of 1st period - Tanner Laczynski wins face-off versus Antti Suomela in neutral zone.
1:12 of 1st period - Slapshot by Griffin Reinhart.
1:12 of 1st period - Shot Misses the Net.
1:14 of 1st period - Slapshot by Griffin Reinhart.
1:14 of 1st period - Stopped by Ebbe Siönäs without a rebound.
1:15 of 1st period - Tanner Laczynski wins face-off versus Antti Suomela in Wolves zone.
1:20 of 1st period - Wrist shot by Tanner Laczynski.
1:20 of 1st period - Stopped by Ebbe Siönäs with a rebound.
1:48 of 1st period - Snap shot by Griffin Reinhart.
1:48 of 1st period - Stopped by Ebbe Siönäs with a rebound.
1:56 of 1st period - Minor Penalty to Alexandre Grenier for Hooking.
1:57 of 1st period - Quinton Howden wins face-off versus Kevin Stenlund in Wolves zone.
2:19 of 1st period - Icing by Kirill Kaprizov.
2:20 of 1st period - Elias Lindholm wins face-off versus Antti Suomela in Thunderbirds zone.
2:39 of 1st period - Anton Lindholm is hit by Niklas Hansson and loses puck.
2:54 of 1st period - John Draeger is hit by Kevin Stenlund and loses puck.
3:35 of 1st period - Niklas Hansson is hit by Jeffrey Foss and loses puck.
3:56 of 1st period - Penalty to Alexandre Grenier is over, Alexandre Grenier is back on ice.
4:08 of 1st period - Alexandre Grenier is hit by Mitchell Heard and loses puck.
4:25 of 1st period - Snap shot by Jake Evans.
4:25 of 1st period - Shot Blocked by Viktor Baldayev.
4:27 of 1st period - Snap shot by Thomas Spelling.
4:27 of 1st period - Shot Misses the Net.
4:35 of 1st period - Wrist shot by Thomas Spelling.
4:35 of 1st period - Deflect By Fredrik Olofsson.
4:35 of 1st period - Stopped by Carter Hutton without a rebound.
4:36 of 1st period - Hudson Fasching wins face-off versus Sebastian Aho in Thunderbirds zone.
4:51 of 1st period - Wrist shot by Hudson Fasching.
4:51 of 1st period - Stopped by Ebbe Siönäs with a rebound.
4:57 of 1st period - Niklas Hansson is hit by Eric Robinson and loses puck.
5:37 of 1st period - Wrist shot by Alexandre Grenier.
5:37 of 1st period - Stopped by Carter Hutton with a rebound.
5:39 of 1st period - Wrist shot by Kyle Rau.
5:39 of 1st period - Shot Blocked by Valentin Zykov.
5:41 of 1st period - Snap shot by Joe Morrow.
5:41 of 1st period - Shot Misses the Net.
5:43 of 1st period - Backhand shot by Jeffrey Foss.
5:43 of 1st period - Stopped by Carter Hutton with a rebound.
5:45 of 1st period - Snap shot by Kyle Rau.
5:45 of 1st period - Deflect By Lawson Crouse.
5:45 of 1st period - Shot Misses the Net.
5:45 of 1st period - Puck is out of play.
5:46 of 1st period - Sebastian Aho wins face-off versus Jerry D'Amigo in Thunderbirds zone.
5:47 of 1st period - Wrist shot by Victor Olofsson.
5:47 of 1st period - Stopped by Carter Hutton without a rebound.
5:48 of 1st period - Quinton Howden wins face-off versus Sebastian Aho in Thunderbirds zone.
5:55 of 1st period - Snap shot by Kirill Kaprizov.
5:55 of 1st period - Shot Misses the Net.
5:59 of 1st period - Wrist shot by Kirill Kaprizov.
5:59 of 1st period - Stopped by Ebbe Siönäs with a rebound.
6:01 of 1st period - Slapshot by Jake Walman.
6:01 of 1st period - Stopped by Ebbe Siönäs without a rebound.
6:02 of 1st period - Sebastian Aho wins face-off versus Quinton Howden in Wolves zone.
6:07 of 1st period - Slapshot by Quinton Howden.
6:07 of 1st period - Goal by Quinton Howden - Wolves : 0 - Thunderbirds : 2.
6:08 of 1st period - Sebastian Aho wins face-off versus Quinton Howden in neutral zone.
6:21 of 1st period - Wrist shot by Eric Robinson.
6:21 of 1st period - Stopped by Carter Hutton with a rebound.
6:33 of 1st period - Minor Penalty to Joe Morrow for Tripping.
6:34 of 1st period - Alexandre Grenier wins face-off versus Quinton Howden in Wolves zone.
8:26 of 1st period - Tom Kuhnhackl is hit by Anton Lindholm and loses puck.
8:33 of 1st period - Penalty to Joe Morrow is over, Joe Morrow is back on ice.
8:33 of 1st period - Niklas Hansson is hit by Kevin Stenlund and loses puck.
8:42 of 1st period - Snap shot by Eric Robinson.
8:42 of 1st period - Shot Blocked by Mitchell Heard.
10:26 of 1st period - Samuel Girard is hit by Roberts Lipsbergs.
10:38 of 1st period - Snap shot by Kyle Rau.
10:38 of 1st period - Stopped by Carter Hutton without a rebound.
10:39 of 1st period - Mitchell Heard wins face-off versus Kyle Rau in Thunderbirds zone.
11:40 of 1st period - Wrist shot by Alexandre Grenier.
11:40 of 1st period - Deflect By Kyle Rau.
11:40 of 1st period - Shot Blocked by John Draeger.
11:40 of 1st period - Puck is out of play.
11:41 of 1st period - Kyle Rau wins face-off versus Tanner Laczynski in Thunderbirds zone.
11:46 of 1st period - Wrist shot by Alexandre Grenier.
11:46 of 1st period - Shot Blocked by Griffin Reinhart.
11:48 of 1st period - Snap shot by Lawson Crouse.
11:48 of 1st period - Stopped by Carter Hutton with a rebound.
11:50 of 1st period - Slapshot by Joe Morrow.
11:50 of 1st period - Shot Misses the Net.
11:52 of 1st period - Wrist shot by Kyle Rau.
11:52 of 1st period - Stopped by Carter Hutton with a rebound.
11:54 of 1st period - Backhand shot by Kyle Rau.
11:54 of 1st period - Deflect By Griffin Reinhart.
11:54 of 1st period - Shot Blocked by Niklas Hansson.
11:54 of 1st period - Puck is out of play.
11:55 of 1st period - Sebastian Aho wins face-off versus Quinton Howden in Thunderbirds zone.
12:29 of 1st period - Snap shot by Alexandre Grenier.
12:29 of 1st period - Deflect By Lawson Crouse.
12:29 of 1st period - Shot Misses the Net.
12:29 of 1st period - Puck is out of play.
12:30 of 1st period - Elias Lindholm wins face-off versus Jake Evans in Thunderbirds zone.
12:37 of 1st period - Wrist shot by Thomas Spelling.
12:37 of 1st period - Shot Misses the Net.
13:06 of 1st period - Wrist shot by Lawson Crouse.
13:06 of 1st period - Shot Hit the Post.
13:36 of 1st period - Niklas Hansson is hit by Antti Suomela and loses puck.
13:43 of 1st period - Slapshot by Jeffrey Foss.
13:43 of 1st period - Stopped by Carter Hutton without a rebound.
13:44 of 1st period - Kyle Rau wins face-off versus Quinton Howden in Thunderbirds zone.
13:58 of 1st period - Off-side.
13:59 of 1st period - Elias Lindholm wins face-off versus Sebastian Aho in neutral zone.
14:02 of 1st period - Slapshot by Griffin Reinhart.
14:02 of 1st period - Stopped by Ebbe Siönäs without a rebound.
14:03 of 1st period - Sebastian Aho wins face-off versus Elias Lindholm in Wolves zone.
14:16 of 1st period - Snap shot by Valentin Zykov.
14:16 of 1st period - Shot Blocked by Jeffrey Foss.
14:18 of 1st period - Snap shot by Elias Lindholm.
14:18 of 1st period - Stopped by Ebbe Siönäs without a rebound.
14:19 of 1st period - Quinton Howden wins face-off versus Kyle Rau in Wolves zone.
14:30 of 1st period - Snap shot by Kirill Kaprizov.
14:30 of 1st period - Stopped by Ebbe Siönäs without a rebound.
14:31 of 1st period - Quinton Howden wins face-off versus Kyle Rau in Wolves zone.
14:39 of 1st period - Minor Penalty to Jeff Petry for High sticking.
14:40 of 1st period - Quinton Howden wins face-off versus Alexandre Grenier in Wolves zone.
16:00 of 1st period - Niklas Hansson is hit by Anton Lindholm and loses puck.
16:39 of 1st period - Penalty to Jeff Petry is over, Jeff Petry is back on ice.
16:49 of 1st period - Snap shot by Jake Evans.
16:49 of 1st period - Stopped by Carter Hutton with a rebound.
17:07 of 1st period - Kale Clague is hit by Viktor Baldayev and loses puck.
17:58 of 1st period - Kirill Kaprizov is hit by Alexandre Grenier and loses puck.
18:14 of 1st period - Minor Penalty to Antti Suomela for High sticking.
18:15 of 1st period - Elias Lindholm wins face-off versus Alexandre Grenier in Wolves zone.
18:23 of 1st period - Wrist shot by Tom Kuhnhackl.
18:23 of 1st period - Shot Misses the Net.
Goals for this period are 0 for Wolves vs 2 for Thunderbirds.
Shots for this period are 10 for Wolves vs 11 for Thunderbirds.
2nd period
0:01 of 2nd period - Quinton Howden wins face-off versus Alexandre Grenier in neutral zone.
0:04 of 2nd period - Snap shot by Griffin Reinhart.
0:04 of 2nd period - Shot Blocked by Alexandre Grenier.
0:14 of 2nd period - Penalty to Antti Suomela is over, Antti Suomela is back on ice.
0:32 of 2nd period - Wrist shot by Valentin Zykov.
0:32 of 2nd period - Shot Misses the Net.
0:56 of 2nd period - Backhand shot by Matt Puempel.
0:56 of 2nd period - Shot Blocked by Jeff Petry.
1:00 of 2nd period - Snap shot by Matt Puempel.
1:00 of 2nd period - Shot Blocked by Jake Evans.
1:32 of 2nd period - Snap shot by Lawson Crouse.
1:32 of 2nd period - Shot Blocked by Jake Walman.
1:34 of 2nd period - Slapshot by Jeff Petry.
1:34 of 2nd period - Stopped by Carter Hutton with a rebound.
1:54 of 2nd period - Snap shot by Tom Kuhnhackl.
1:54 of 2nd period - Shot Misses the Net.
1:56 of 2nd period - Snap shot by Tom Kuhnhackl.
1:56 of 2nd period - Shot Blocked by Joe Morrow.
2:10 of 2nd period - Snap shot by Matt Puempel.
2:10 of 2nd period - Deflect By Mitchell Heard.
2:10 of 2nd period - Shot Hit the Post.
2:10 of 2nd period - Puck is out of play.
2:11 of 2nd period - Fredrik Olofsson wins face-off versus Mitchell Heard in Wolves zone.
2:11 of 2nd period - Fredrik Olofsson is hit by Griffin Reinhart.
2:19 of 2nd period - Wrist shot by Jake Evans.
2:19 of 2nd period - Shot Blocked by Griffin Reinhart.
2:22 of 2nd period - Icing by Niklas Hansson.
2:23 of 2nd period - Kyle Rau wins face-off versus Mitchell Heard in Thunderbirds zone.
2:26 of 2nd period - Snap shot by Kyle Rau.
2:26 of 2nd period - Shot Misses the Net.
2:36 of 2nd period - Wrist shot by Mitchell Heard.
2:36 of 2nd period - Stopped by Ebbe Siönäs with a rebound.
2:38 of 2nd period - Slapshot by Niklas Hansson.
2:38 of 2nd period - Stopped by Ebbe Siönäs without a rebound.
2:39 of 2nd period - Quinton Howden wins face-off versus Eric Robinson in Wolves zone.
2:40 of 2nd period - Slapshot by Griffin Reinhart.
2:40 of 2nd period - Deflect By Jerry D'Amigo.
2:40 of 2nd period - Shot Misses the Net.
2:40 of 2nd period - Puck is out of play.
2:41 of 2nd period - Quinton Howden wins face-off versus Sebastian Aho in Wolves zone.
3:12 of 2nd period - Wrist shot by Tom Kuhnhackl.
3:12 of 2nd period - Shot Misses the Net.
3:14 of 2nd period - Snap shot by Tom Kuhnhackl.
3:14 of 2nd period - Shot Blocked by Alexandre Grenier.
3:16 of 2nd period - Slapshot by Valentin Zykov.
3:16 of 2nd period - Thunderbirds goal is going for a video replay.
3:16 of 2nd period - The goal is refused. The net was displaced accidentally..
3:17 of 2nd period - Kyle Rau wins face-off versus Quinton Howden in Wolves zone.
3:48 of 2nd period - Snap shot by Hudson Fasching.
3:48 of 2nd period - Stopped by Ebbe Siönäs with a rebound.
3:50 of 2nd period - Slapshot by Viktor Baldayev.
3:50 of 2nd period - Shot Blocked by Jalen Chatfield.
4:06 of 2nd period - Slapshot by Sebastian Aho.
4:06 of 2nd period - Shot Misses the Net.
4:08 of 2nd period - Wrist shot by Sebastian Aho.
4:08 of 2nd period - Deflect By Victor Olofsson.
4:08 of 2nd period - Shot Blocked by Tom Kuhnhackl.
4:08 of 2nd period - Puck is out of play.
4:09 of 2nd period - Quinton Howden wins face-off versus Eric Robinson in Thunderbirds zone.
4:16 of 2nd period - Jeffrey Foss is hit by Quinton Howden and loses puck.
4:25 of 2nd period - Snap shot by Quinton Howden.
4:25 of 2nd period - Shot Misses the Net.
4:45 of 2nd period - Slapshot by Thomas Spelling.
4:45 of 2nd period - Shot Hit the Post.
4:47 of 2nd period - Wrist shot by Jake Evans.
4:47 of 2nd period - Shot Misses the Net.
5:39 of 2nd period - Snap shot by Griffin Reinhart.
5:39 of 2nd period - Shot Blocked by Samuel Girard.
5:41 of 2nd period - Wrist shot by Quinton Howden.
5:41 of 2nd period - Stopped by Ebbe Siönäs without a rebound.
5:42 of 2nd period - Quinton Howden wins face-off versus Kyle Rau in Wolves zone.
6:09 of 2nd period - Eric Robinson is hit by Valentin Zykov and loses puck.
6:51 of 2nd period - Minor Penalty to Eric Robinson for Hooking.
6:52 of 2nd period - Alexandre Grenier wins face-off versus Quinton Howden in Wolves zone.
7:03 of 2nd period - Wrist shot by Jerry D'Amigo.
7:03 of 2nd period - Shot Blocked by Joe Morrow.
8:51 of 2nd period - Penalty to Eric Robinson is over, Eric Robinson is back on ice.
8:51 of 2nd period - Jerry D'Amigo is hit by Eric Robinson and loses puck.
9:29 of 2nd period - Joe Morrow is hit by John Draeger and loses puck.
9:34 of 2nd period - Wrist shot by Clayton Keller.
9:34 of 2nd period - Stopped by Ebbe Siönäs with a rebound.
9:44 of 2nd period - Jake Evans is hit by Tom Kuhnhackl and loses puck.
10:22 of 2nd period - John Draeger is hit by Kyle Rau and loses puck.
10:50 of 2nd period - Minor Penalty to Griffin Reinhart for Hooking.
10:51 of 2nd period - Alexandre Grenier wins face-off versus Quinton Howden in Thunderbirds zone.
10:51 of 2nd period - Snap shot by Kyle Rau.
10:51 of 2nd period - Shot Misses the Net.
11:07 of 2nd period - Tom Kuhnhackl is hit by Lawson Crouse.
12:50 of 2nd period - Penalty to Griffin Reinhart is over, Griffin Reinhart is back on ice.
12:54 of 2nd period - Hudson Fasching is hit by Joe Morrow and loses puck.
13:19 of 2nd period - Snap shot by Tanner Laczynski.
13:19 of 2nd period - Stopped by Ebbe Siönäs with a rebound.
13:21 of 2nd period - Snap shot by Roberts Lipsbergs.
13:21 of 2nd period - Stopped by Ebbe Siönäs with a rebound.
13:23 of 2nd period - Slapshot by Roberts Lipsbergs.
13:23 of 2nd period - Shot Misses the Net.
14:15 of 2nd period - Wrist shot by Valentin Zykov.
14:15 of 2nd period - Stopped by Ebbe Siönäs without a rebound.
14:16 of 2nd period - Tanner Laczynski wins face-off versus Sebastian Aho in Wolves zone.
14:27 of 2nd period - Wrist shot by Tanner Laczynski.
14:27 of 2nd period - Deflect By Clayton Keller.
14:27 of 2nd period - Shot Blocked by Sebastian Aho.
14:27 of 2nd period - Puck is out of play.
14:28 of 2nd period - Lawson Crouse wins face-off versus Quinton Howden in Wolves zone.
14:43 of 2nd period - Snap shot by Kyle Rau.
14:43 of 2nd period - Deflect By Lawson Crouse.
14:43 of 2nd period - Goal by Lawson Crouse - Wolves : 1 - Thunderbirds : 2.
14:44 of 2nd period - Kyle Rau wins face-off versus Quinton Howden in neutral zone.
14:53 of 2nd period - Slapshot by Lawson Crouse.
14:53 of 2nd period - Shot Misses the Net.
14:59 of 2nd period - Lawson Crouse is hit by Niklas Hansson and loses puck.
15:42 of 2nd period - Slapshot by Thomas Spelling.
15:42 of 2nd period - Stopped by Carter Hutton with a rebound.
15:44 of 2nd period - Snap shot by Jake Evans.
15:44 of 2nd period - Goal by Jake Evans - Wolves : 2 - Thunderbirds : 2.
15:45 of 2nd period - Quinton Howden wins face-off versus Lawson Crouse in neutral zone.
15:54 of 2nd period - Wrist shot by Jerry D'Amigo.
15:54 of 2nd period - Stopped by Ebbe Siönäs without a rebound.
15:55 of 2nd period - Quinton Howden wins face-off versus Kyle Rau in Wolves zone.
16:23 of 2nd period - Kirill Kaprizov is hit by Anton Lindholm and loses puck.
16:29 of 2nd period - Off-side.
16:30 of 2nd period - Sebastian Aho wins face-off versus Elias Lindholm in neutral zone.
16:33 of 2nd period - Slapshot by Joe Morrow.
16:33 of 2nd period - Stopped by Carter Hutton with a rebound.
16:35 of 2nd period - Snap shot by Victor Olofsson.
16:35 of 2nd period - Stopped by Carter Hutton with a rebound.
16:37 of 2nd period - Wrist shot by Eric Robinson.
16:37 of 2nd period - Stopped by Carter Hutton with a rebound.
16:39 of 2nd period - Snap shot by Sebastian Aho.
16:39 of 2nd period - Shot Misses the Net.
16:41 of 2nd period - Wrist shot by Jeffrey Foss.
16:41 of 2nd period - Shot Blocked by Tom Kuhnhackl.
17:01 of 2nd period - Wrist shot by Thomas Spelling.
17:01 of 2nd period - Stopped by Carter Hutton with a rebound.
17:03 of 2nd period - Snap shot by Thomas Spelling.
17:03 of 2nd period - Stopped by Carter Hutton without a rebound.
17:04 of 2nd period - Mitchell Heard wins face-off versus Kyle Rau in Thunderbirds zone.
17:54 of 2nd period - Snap shot by Griffin Reinhart.
17:54 of 2nd period - Deflect By Matt Puempel.
17:54 of 2nd period - Stopped by Ebbe Siönäs without a rebound.
17:55 of 2nd period - Quinton Howden wins face-off versus Kyle Rau in Wolves zone.
18:50 of 2nd period - Snap shot by Sebastian Aho.
18:50 of 2nd period - Stopped by Carter Hutton without a rebound.
18:51 of 2nd period - Quinton Howden wins face-off versus Eric Robinson in Thunderbirds zone.
19:02 of 2nd period - Snap shot by Quinton Howden.
19:02 of 2nd period - Shot Misses the Net.
19:18 of 2nd period - Slapshot by Antti Suomela.
19:18 of 2nd period - Shot Misses the Net.
19:42 of 2nd period - Snap shot by Jerry D'Amigo.
19:42 of 2nd period - Stopped by Ebbe Siönäs with a rebound.
19:44 of 2nd period - Snap shot by Jerry D'Amigo.
19:44 of 2nd period - Stopped by Ebbe Siönäs without a rebound.
19:45 of 2nd period - Elias Lindholm wins face-off versus Kyle Rau in Wolves zone.
Goals for this period are 2 for Wolves vs 0 for Thunderbirds.
Shots for this period are 10 for Wolves vs 13 for Thunderbirds.
3rd period
0:01 of 3rd period - Quinton Howden wins face-off versus Kyle Rau in neutral zone.
1:40 of 3rd period - Snap shot by Alexandre Grenier.
1:40 of 3rd period - Shot Misses the Net.
2:33 of 3rd period - Snap shot by Antti Suomela.
2:33 of 3rd period - Deflect By Kieffer Bellows.
2:33 of 3rd period - Stopped by Carter Hutton without a rebound.
2:34 of 3rd period - Antti Suomela wins face-off versus Elias Lindholm in Thunderbirds zone.
2:43 of 3rd period - Slapshot by Antti Suomela.
2:43 of 3rd period - Stopped by Carter Hutton with a rebound.
2:45 of 3rd period - Snap shot by Joe Morrow.
2:45 of 3rd period - Deflect By Wade Allison.
2:45 of 3rd period - Stopped by Carter Hutton without a rebound.
2:46 of 3rd period - Jerry D'Amigo wins face-off versus Lawson Crouse in Thunderbirds zone.
2:46 of 3rd period - Jerry D'Amigo is hit by Kyle Rau.
2:58 of 3rd period - Snap shot by Lawson Crouse.
2:58 of 3rd period - Shot Blocked by Kirill Kaprizov.
3:00 of 3rd period - Slapshot by Joe Morrow.
3:00 of 3rd period - Shot Misses the Net.
3:02 of 3rd period - Snap shot by Lawson Crouse.
3:02 of 3rd period - Shot Misses the Net.
3:21 of 3rd period - Wrist shot by Victor Olofsson.
3:21 of 3rd period - Shot Blocked by John Draeger.
3:35 of 3rd period - Hudson Fasching is hit by Antti Suomela and loses puck.
3:42 of 3rd period - Snap shot by Antti Suomela.
3:42 of 3rd period - Shot Misses the Net.
4:20 of 3rd period - Jake Walman is hit by Sebastian Aho.
4:42 of 3rd period - Wrist shot by Jake Evans.
4:42 of 3rd period - Stopped by Carter Hutton without a rebound.
4:43 of 3rd period - Elias Lindholm wins face-off versus Jake Evans in Thunderbirds zone.
4:50 of 3rd period - Wrist shot by John Draeger.
4:50 of 3rd period - Stopped by Ebbe Siönäs with a rebound.
4:52 of 3rd period - Wrist shot by Elias Lindholm.
4:52 of 3rd period - Stopped by Ebbe Siönäs without a rebound.
4:53 of 3rd period - Quinton Howden wins face-off versus Kyle Rau in Wolves zone.
5:04 of 3rd period - Alexandre Grenier is hit by Kirill Kaprizov and loses puck.
5:23 of 3rd period - Sebastian Aho is hit by Michal Jordan.
5:50 of 3rd period - Jalen Chatfield is hit by Tom Kuhnhackl and loses puck.
5:55 of 3rd period - Slapshot by Elias Lindholm.
5:55 of 3rd period - Stopped by Ebbe Siönäs without a rebound.
5:56 of 3rd period - Kyle Rau wins face-off versus Quinton Howden in Wolves zone.
5:56 of 3rd period - Kyle Rau is hit by Quinton Howden.
6:12 of 3rd period - Snap shot by Lawson Crouse.
6:12 of 3rd period - Stopped by Carter Hutton with a rebound.
6:22 of 3rd period - Eric Robinson is hit by Matt Puempel and loses puck.
7:12 of 3rd period - Valentin Zykov is hit by Lawson Crouse and loses puck.
7:35 of 3rd period - Slapshot by Anton Lindholm.
7:35 of 3rd period - Shot Hit the Post.
7:37 of 3rd period - Wrist shot by Antti Suomela.
7:37 of 3rd period - Stopped by Carter Hutton without a rebound.
7:38 of 3rd period - Kyle Rau wins face-off versus Quinton Howden in Thunderbirds zone.
7:51 of 3rd period - Wrist shot by Kirill Kaprizov.
7:51 of 3rd period - Shot Misses the Net.
7:53 of 3rd period - Slapshot by Niklas Hansson.
7:53 of 3rd period - Stopped by Ebbe Siönäs without a rebound.
7:54 of 3rd period - Sebastian Aho wins face-off versus Elias Lindholm in Wolves zone.
7:54 of 3rd period - Sebastian Aho is hit by Niklas Hansson.
8:00 of 3rd period - Griffin Reinhart is hit by Sebastian Aho and loses puck.
8:07 of 3rd period - Wrist shot by Victor Olofsson.
8:07 of 3rd period - Shot Blocked by Valentin Zykov.
8:09 of 3rd period - Snap shot by Victor Olofsson.
8:09 of 3rd period - Shot Misses the Net.
8:39 of 3rd period - Hudson Fasching is hit by Antti Suomela and loses puck.
9:47 of 3rd period - Wrist shot by Alexandre Grenier.
9:47 of 3rd period - Shot Misses the Net.
9:49 of 3rd period - Wrist shot by Kyle Rau.
9:49 of 3rd period - Deflect By Alexandre Grenier.
9:49 of 3rd period - Stopped by Carter Hutton with a rebound.
9:51 of 3rd period - Wrist shot by Alexandre Grenier.
9:51 of 3rd period - Shot Blocked by Viktor Baldayev.
9:55 of 3rd period - Wrist shot by Kyle Rau.
9:55 of 3rd period - Goal by Kyle Rau - Wolves : 3 - Thunderbirds : 2.
9:56 of 3rd period - Kyle Rau wins face-off versus Quinton Howden in neutral zone.
10:30 of 3rd period - Icing by Jeff Petry.
10:31 of 3rd period - Elias Lindholm wins face-off versus Sebastian Aho in Wolves zone.
10:59 of 3rd period - Sebastian Aho is hit by Tom Kuhnhackl and loses puck.
11:21 of 3rd period - Snap shot by Sebastian Aho.
11:21 of 3rd period - Stopped by Carter Hutton without a rebound.
11:22 of 3rd period - Kyle Rau wins face-off versus Quinton Howden in Thunderbirds zone.
11:27 of 3rd period - Snap shot by Kyle Rau.
11:27 of 3rd period - Shot Blocked by Niklas Hansson.
11:51 of 3rd period - Slapshot by Joe Morrow.
11:51 of 3rd period - Deflect By Thomas Spelling.
11:51 of 3rd period - Shot Misses the Net.
11:51 of 3rd period - Puck is out of play.
11:52 of 3rd period - Mitchell Heard wins face-off versus Jake Evans in Thunderbirds zone.
12:06 of 3rd period - Snap shot by Thomas Spelling.
12:06 of 3rd period - Shot Misses the Net.
12:08 of 3rd period - Slapshot by Fredrik Olofsson.
12:08 of 3rd period - Shot Misses the Net.
12:27 of 3rd period - Slapshot by Joe Morrow.
12:27 of 3rd period - Deflect By Michal Jordan.
12:27 of 3rd period - Stopped by Carter Hutton with a rebound.
12:59 of 3rd period - Joe Morrow is hit by Griffin Reinhart and loses puck.
13:36 of 3rd period - Off-side.
13:37 of 3rd period - Quinton Howden wins face-off versus Jake Evans in neutral zone.
13:40 of 3rd period - Snap shot by Jake Evans.
13:40 of 3rd period - Stopped by Carter Hutton with a rebound.
13:42 of 3rd period - Backhand shot by Jake Evans.
13:42 of 3rd period - Shot Blocked by Kirill Kaprizov.
13:44 of 3rd period - Snap shot by Thomas Spelling.
13:44 of 3rd period - Shot Misses the Net.
13:46 of 3rd period - Wrist shot by Jake Evans.
13:46 of 3rd period - Shot Blocked by Viktor Baldayev.
13:48 of 3rd period - Slapshot by Jalen Chatfield.
13:48 of 3rd period - Stopped by Carter Hutton with a rebound.
14:24 of 3rd period - Slapshot by Griffin Reinhart.
14:24 of 3rd period - Deflect By Roberts Lipsbergs.
14:24 of 3rd period - Shot Misses the Net.
14:24 of 3rd period - Puck is out of play.
14:25 of 3rd period - Tanner Laczynski wins face-off versus Sebastian Aho in Wolves zone.
14:26 of 3rd period - Snap shot by Clayton Keller.
14:26 of 3rd period - Deflect By Roberts Lipsbergs.
14:26 of 3rd period - Shot Blocked by Sebastian Aho.
14:26 of 3rd period - Puck is out of play.
14:27 of 3rd period - Sebastian Aho wins face-off versus Tanner Laczynski in Wolves zone.
14:36 of 3rd period - Wrist shot by Sebastian Aho.
14:36 of 3rd period - Shot Misses the Net.
15:21 of 3rd period - Wrist shot by Jake Evans.
15:21 of 3rd period - Shot Blocked by Matt Puempel.
15:23 of 3rd period - Slapshot by Joe Morrow.
15:23 of 3rd period - Deflect By Jake Evans.
15:23 of 3rd period - Stopped by Carter Hutton with a rebound.
15:25 of 3rd period - Slapshot by Jeffrey Foss.
15:25 of 3rd period - Stopped by Carter Hutton with a rebound.
15:42 of 3rd period - Snap shot by Elias Lindholm.
15:42 of 3rd period - Shot Blocked by Antti Suomela.
16:43 of 3rd period - Slapshot by Anton Lindholm.
16:43 of 3rd period - Stopped by Carter Hutton with a rebound.
16:45 of 3rd period - Snap shot by Jake Evans.
16:45 of 3rd period - Stopped by Carter Hutton without a rebound.
16:46 of 3rd period - Mitchell Heard wins face-off versus Jake Evans in Thunderbirds zone.
17:05 of 3rd period - Snap shot by Thomas Spelling.
17:05 of 3rd period - Stopped by Carter Hutton with a rebound.
17:07 of 3rd period - Wrist shot by Jalen Chatfield.
17:07 of 3rd period - Deflect By Thomas Spelling.
17:07 of 3rd period - Shot Misses the Net.
17:07 of 3rd period - Puck is out of play.
17:08 of 3rd period - Quinton Howden wins face-off versus Kyle Rau in Thunderbirds zone.
17:10 of 3rd period - Minor Penalty to Jerry D'Amigo for Cross-checking.
17:11 of 3rd period - Quinton Howden wins face-off versus Kyle Rau in Thunderbirds zone.
17:47 of 3rd period - Snap shot by Victor Olofsson.
17:47 of 3rd period - Stopped by Carter Hutton without a rebound.
17:48 of 3rd period - Sebastian Aho wins face-off versus Quinton Howden in Thunderbirds zone.
17:53 of 3rd period - Wrist shot by Sebastian Aho.
17:53 of 3rd period - Deflect By Victor Olofsson.
17:53 of 3rd period - Shot Misses the Net.
17:53 of 3rd period - Puck is out of play.
17:54 of 3rd period - Kyle Rau wins face-off versus Quinton Howden in Thunderbirds zone.
18:48 of 3rd period - Icing by Lawson Crouse.
18:49 of 3rd period - Kyle Rau wins face-off versus Mitchell Heard in Wolves zone.
19:10 of 3rd period - Penalty to Jerry D'Amigo is over, Jerry D'Amigo is back on ice.
19:25 of 3rd period - Snap shot by Alexandre Grenier.
19:25 of 3rd period - Goal by Alexandre Grenier - Wolves : 4 - Thunderbirds : 2.
19:26 of 3rd period - Jake Evans wins face-off versus Elias Lindholm in neutral zone.
19:31 of 3rd period - Wrist shot by Jake Evans.
19:31 of 3rd period - Stopped by Carter Hutton with a rebound.
Goals for this period are 2 for Wolves vs 0 for Thunderbirds.
Shots for this period are 20 for Wolves vs 4 for Thunderbirds.